 Dungeon Crawl Stone Soup version 0.30-b1-5-g8e6c1be481 (webtiles) character file.

Game seed: 11852927738479481158

10 ChrisAssaf the Conjurer (level 2, 2/19 HPs)
             Began as a Human Conjurer on May 4, 2023.
             Quit the game on level 4 of the Dungeon.
             The game lasted 00:02:10 (438 turns).

ChrisAssaf the Conjurer (Human Conjurer)             Turns: 438, Time: 00:02:11

Health: 2/19       AC:  2    Str:  4 (7)  XL:     2   Next: 30%
Magic:  0/5        EV: 12    Int: 17 (18) God:
Gold:   16         SH:  0    Dex:  9 (11) Spells: 1/5 levels left

rFire   . . .        (no weapon)
rCold   . . .        (no shield)
rNeg    . . .        a - +0 robe
rPois   .            (no helmet)
rElec   .            (no cloak)
rCorr   .            (no gloves)
SInv    .            (no boots)
Will    .....        (no amulet)
Stlth   ++           (no ring)
HPRegen 0.23/turn    (no ring)
MPRegen 0.09/turn

%: no passive effects
@: no status effects
A: no striking features
a: no special abilities


You were on level 4 of the Dungeon.
You visited 1 branch of the dungeon, and saw 4 of its levels.

You collected 16 gold pieces.

Inventory:

Armour
 a - a +0 robe (worn)


   Skills:
 * Level 2.0 Dodging
 * Level 2.0 Stealth
 * Level 2.0 Spellcasting
 * Level 4.4 Conjurations


You had one spell level left.
You knew the following spells:

 Your Spells              Type           Power      Damage    Failure   Level
a - Magic Dart            Conj           64%        1d6       3%          1
b - Searing Ray           Conj           32%        2d5       4%          2
c - Apportation           Tloc           4%         N/A       19%         1

Your spell library contained the following spells:

 Spells                   Type           Power      Damage    Failure   Level
 Dazzling Flash           Conj/Hex       18%        N/A       24%         3
 Iskenderun's Mystic Bla  Conj/Tloc      9%         2d4       58%         4
 Fulminant Prism          Conj/Hex       4%         3d5       61%         4
 Alistair's Intoxication  Tmut/Pois      0%         N/A       99%         5


Dungeon Overview and Level Annotations

Branches:
Dungeon (4/15)
 Temple: D:4-7

Altars:

Annotations:
D:3 Sigmund


Message History

There is a stone staircase leading down here.
There is a faded altar of an unknown god here.
This altar belongs to (a) Elyvilon, (b) Wu Jian or (c) Gozag, but you can't tell which.
Press the corresponding letter to learn more about a god, or press enter to convert or escape to cancel.
Okay, then.
There is a stone staircase leading down here.
You climb downwards.
You hear the hiss of flowing sand.
There is an entrance to an ossuary on this level.
Hurry and find it before the portal is buried!
There is a stone staircase leading up here.
As you read the scroll labelled XIHENW TINNURI, it crumbles to dust.
You hear a loud clanging noise!
It was a scroll of noise.
You hear an angry hiss.
Aiming: Searing Ray (safe; 4% risk of failure)
Press: ? - help, Q - select action, (/) - cycle Shift-Dir - straight line, f - phantom
Aim: a phantom (69% to hit)
The searing ray misses the phantom. (Press . to maintain the ray.)
The phantom hits you.
The phantom blinks!
You blink.
The phantom barely misses you.
Aiming: Searing Ray (safe; 4% risk of failure)
Press: ? - help, Q - select action, (/) - cycle Shift-Dir - straight line, f/p - phantom
Aim: a phantom (69% to hit)
The searing ray misses the phantom. (Press . to maintain the ray.)
The phantom barely misses you.
The searing ray hits the phantom.
The phantom is lightly damaged.
The phantom barely misses you.
Without enough magic to sustain it, your searing ray dissipates.
The phantom hits you.
Unknown command.
It was a potion of degeneration.
There was something very wrong with that liquid.
You feel weakened.
You feel dopey.
You feel clumsy. The phantom barely misses you.
The phantom attacks as you move away! The phantom hits you.
The phantom attacks as you move away! The phantom hits you.
* * * LOW HITPOINT WARNING * * *
Are you sure you want to abandon this character and quit the game? (Confirm with "yes".)

########
##..##..##
#..<.....+
#........#
#..@W..^.#
##########


You could see a phantom.

Vanquished Creatures
  A ball python (D:1)
  2 bats (D:1)
  A giant cockroach (D:2)
  A goblin (D:1)
  2 hobgoblins
  A frilled lizard (D:3)
  A rat (D:1)
9 creatures vanquished.

Notes
Turn   | Place    | Note
-------+----------+-------------------------------------------
     0 | D:1      | ChrisAssaf the Human Conjurer began the quest for the Orb.
     0 | D:1      | Reached XP level 1. HP: 13/13 MP: 3/3
   106 | D:1      | Reached XP level 2. HP: 6/19 MP: 0/5
   129 | D:1      | Learned a level 2 spell: Searing Ray
   169 | D:1      | Learned a level 1 spell: Apportation
   370 | D:3      | Noticed Sigmund
   407 | D:3      | Found a faded altar of an unknown god.
   427 | D:4      | Noticed a phantom
   438 | D:4      | Quit the game

Illustrated notes

Levels and vault maps discovered:
D:1:      amcnicky_arrival_blooded_trapdoor, layout_basic, minivault_14
D:2:      layout_loops_ring, serial_shops, shop, minmay_misc_feat_square
D:3:      wander_river, layout_basic, lemuel_blue_sif_altar,
          gammafunk_temple_overflow_wave, hellmonk_ecumenical_altar_crossroads,
          uniq_crazy_yiuf_cottage, uniq_sigmund
D:4:      layout_gridville, mainiacjoe_overflow_tiny_flanked,
          nicolae_ossuary_entry_monument

Action                     || total
---------------------------++-------
   Cast: Magic Dart        ||    13
         Searing Ray       ||     5
    Use: Potion            ||     2
         Scroll            ||     1
 Armour: Robe              ||     2
  Dodge: Dodged            ||    13
